 Seeded DCSS version 0.30.0-10-gfe55d96785 (webtiles) character file.

Game seed: 15220233535097443495 (custom seed)

16 GigaChad the Firebug (level 2, 0/19 HPs)
             Began as a Demonspawn Fire Elementalist on May 16, 2023.
             Slain by a jackal (2 damage)
             ... on level 1 of the Dungeon.
             The game lasted 00:01:34 (802 turns).

GigaChad the Firebug (Demonspawn Fire Elementalist)  Turns: 802, Time: 00:01:34

Health: 0/19       AC:  3    Str:  8    XL:     2   Next: 37%
Magic:  2/5        EV: 12    Int: 16    God:
Gold:   16         SH:  0    Dex: 13    Spells: 4/5 levels left

rFire   . . .        d - +0 falchion
rCold   . . .        (no shield)
rNeg    . . .        a - +0 robe
rPois   .            (no helmet)
rElec   .            (no cloak)
rCorr   .            (no gloves)
SInv    .            (no boots)
Will    .....        (no amulet)
Stlth   ++           (no ring)
HPRegen 0.23/turn    (no ring)
MPRegen 0.09/turn

%: no passive effects
@: no status effects
A: sharp scales 1
a: no special abilities


You were on level 1 of the Dungeon.
You visited 1 branch of the dungeon, and saw 1 of its levels.

You collected 16 gold pieces.

Inventory:

Hand Weapons
 d - a +0 falchion (weapon)
Armour
 a - a +0 robe (worn)
Scrolls
 c - 3 scrolls of identify {unknown}
 e - a scroll of summoning {unknown}
 f - a scroll of amnesia {unknown}
 g - a scroll of enchant weapon {unknown}
Potions
 b - a potion of magic


   Skills:
 + Level 1.7 Dodging
 - Level 1.8 Stealth
 * Level 2.1 Spellcasting
 + Level 1.1 Conjurations
 * Level 3.3 Fire Magic


You had 4 spell levels left.
You knew the following spells:

 Your Spells              Type           Power      Damage    Failure   Level
a - Foxfire               Conj/Fire      32%        2x1d5     9%          1

Your spell library contained the following spells:

 Spells                   Type           Power      Damage    Failure   Level
 Scorch                   Fire           24%        2d6       8%          2
 Inner Flame              Hex/Fire       7%         N/A       30%         3
 Volatile Blastmotes      Fire/Tloc      14%        2d11      30%         3
 Gell's Gravitas          Tloc           1%         N/A       52%         3
 Teleport Other           Tloc           1%         N/A       52%         3
 Flame Wave               Conj/Fire      8%         2d5       63%         4
 Dispersal                Tloc           0%         N/A       100%        6


Dungeon Overview and Level Annotations

Branches:
Dungeon (1/15)

Altars:


Innate Abilities, Weirdness & Mutations

You are partially covered in razor-sharp scales. (AC +1, Slay +1)


Message History

The jackal misses you.
You barely miss the jackal.
The jackal is almost dead.
The jackal bites you but does no damage.
The jackal closely misses you. x3
You hit the jackal.
You kill the jackal!
The jackal bites you but does no damage.
You hit the endoplasm but do no damage.
The endoplasm is lightly wounded.
The jackal closely misses you. The endoplasm barely misses you.
The jackal misses you. The endoplasm barely misses you.
You barely miss the endoplasm.
The endoplasm is lightly wounded.
The jackal bites you. x2
The endoplasm hits you but does no damage.
You hit the endoplasm.
The endoplasm is moderately wounded.
The jackal misses you. The endoplasm closely misses you.
The jackal barely misses you.
You hit the endoplasm.
The endoplasm is severely wounded.
The jackal closely misses you. The endoplasm freezes you.
You are frozen.
* * * LOW HITPOINT WARNING * * *
The jackal bites you but does no damage.
The endoplasm hits you.
* * * LOW HITPOINT WARNING * * *
You are too injured to fight recklessly!
You closely miss the jackal. The jackal bites you.
* * * LOW HITPOINT WARNING * * *
The jackal misses you. The endoplasm closely misses you.
You are too injured to fight recklessly!
Memorise Scorch, consuming 2 spell levels and leaving 2?
The jackal closely misses you. The endoplasm closely misses you.
The jackal closely misses you.
You start memorising the spell.
You continue memorising.
The jackal bites you.
Your memorisation is interrupted.
You die...

#.........#.....~.###..#.# ###
#####'#####...P⌠....#....#
♣♣♣.#[..##P.P.⌠...#..#.#
♣♣..♣#...#.......###....#
♣.♣♣♣#.<.#.PP..PP._###..# ##
#'####...#..P.P..###...#### ##.
♣....'...#.PP####......##.##
#..###########.##.P.P.P~P..#...##
+..............h@.P..............
#..........†...J....######.#...##
##.....>.#.####.##.#.#.........#
##.....##.# ###.###..###.###.#
##...###.# ###.## ##.###.# #.#
##'## #.###..## #..##.# #.# ....
#.......## ##.###.# #.# ...##
#####.##.###..# #.# #.# ....#
#.###.#.#.# #.##


You could see an endoplasm and a jackal.

Vanquished Creatures
  A dart slug (D:1)
  2 endoplasms (D:1)
  A hobgoblin (D:1)
  2 jackals (D:1)
  2 ball pythons (D:1)
  2 kobolds (D:1)
  3 rats (D:1)
13 creatures vanquished.

Vanquished Creatures (others)
  27 foxfires (D:1)
27 creatures vanquished.

Grand Total: 40 creatures vanquished

Notes
Turn   | Place    | Note
-------+----------+-------------------------------------------
     0 | D:1      | GigaChad the Demonspawn Fire Elementalist began the quest
                  | for the Orb.
     0 | D:1      | Reached XP level 1. HP: 13/13 MP: 3/3
   264 | D:1      | Reached skill level 3 in Fire Magic
   572 | D:1      | Gained mutation: You are partially covered in razor-sharp
                  | scales. (AC +1, Slay +1) [demonic ancestry]
   572 | D:1      | Reached XP level 2. HP: 19/19 MP: 3/5
   727 | D:1      | Found a faded altar of an unknown god.
   802 | D:1      | Slain by a jackal

Illustrated notes

Levels and vault maps discovered:
D:1:      scummos_arrival_gate, layout_loops_corners,
          shapermc_ecumenical_altar_mp_ritualfount

Skill      XL: |  1 |
---------------+----+-----
Fire Magic     | 3 |  3.3
Dodging        | |  1.7
Stealth        | |  1.8
Spellcasting   | |  2.1
Conjurations   | |  1.1

Action                     || total
---------------------------++-------
  Melee: Unarmed           ||     7
         Falchion          ||    16
   Cast: Foxfire           ||    23
 Armour: Robe              ||    15
  Dodge: Dodged            ||    46
